 Dungeon Crawl Stone Soup version 0.21.1-1-g345015f (webtiles) character file.

2521 JeffiDaFish the Cleaver (level 9, -2/84 HPs)
             Began as a Minotaur Chaos Knight on Feb 20, 2018.
             Slain by a shadow (23 damage)
             ... summoned by the capriciousness of Xom
             ... on level 7 of the Dungeon.
             The game lasted 00:15:21 (6160 turns).

JeffiDaFish the Cleaver (Minotaur Chaos Knight)     Turns: 6160, Time: 00:15:22

Health: -2/84      AC: 12    Str: 18    XL:     9   Next: 29%
Magic:  8/8        EV: 16    Int:  9    God:    Xom [..*...]
Gold:   344        SH:  0    Dex: 12    Spells: 8/8 levels left

rFire    . . .     SeeInvis .   d - +0 war axe
rCold    . . .     Gourm    .   (no shield)
rNeg     . . .     Faith    .   b - +2 leather armour
rPois    .         Spirit   .   (helmet restricted)
rElec    .         Reflect  .   (no cloak)
rCorr    .         Harm     .   n - +2 pair of gloves
MR       .....                  e - +2 pair of boots
Stlth    +.........             (no amulet)
HPRegen  0.24/turn              f - +2 ring of evasion
MPRegen  0.11/turn              (no ring)

@: no status effects
A: retaliatory headbutt, horns 2, molten scales 1, deformed body, wild magic 1,
evolution 1
a: Renounce Religion


You were on level 7 of the Dungeon.
You worshipped Xom.
You were a toy of Xom.
You were not hungry.

You visited 1 branch of the dungeon, and saw 7 of its levels.

You collected 344 gold pieces.

Inventory:

Hand Weapons
 d - a +0 war axe (weapon)
 t - a +1 flail of crushing
Armour
 b - a +2 leather armour (worn)
 e - a +2 pair of boots (worn)
 n - a +2 pair of gloves (worn)
Jewellery
 f - a +2 ring of evasion (left hand)
Wands
 j - a wand of flame (60)
 r - a wand of enslavement (5)
Scrolls
 g - 6 scrolls of identify
 h - 4 scrolls of teleportation
 i - a scroll of magic mapping
 l - a scroll of fear
 m - 4 scrolls of remove curse
 p - a scroll of enchant weapon {unknown}
 s - a scroll of amnesia
Potions
 o - a potion of brilliance
Books
 q - a book of Callings

   Spells                             Type                      Level
   a - Summon Small Mammal            Summoning                    1
   b - Call Imp                       Summoning                    2
   c - Call Canine Familiar           Summoning                    3
   d - Summon Guardian Golem          Hexes/Summoning              3
   e - Summon Lightning Spire         Summoning/Air                4
   f - Summon Ice Beast               Ice/Summoning                4
Comestibles
 c - 12 rations


   Skills:
 * Level 9.5 Fighting
 * Level 9.5 Axes
 + Level 6.5 Armour
 + Level 5.4 Dodging


You had 8 spell levels left.
You didn't know any spells.

Dungeon Overview and Level Annotations

Branches:
Dungeon (7/15)             Temple (0/1) D:4

Altars:
Cheibriados
Trog
Xom
The Shining One


Innate Abilities, Weirdness & Mutations

You reflexively headbutt those who attack you in melee.
You have a pair of horns on your head.
You are partially covered in molten scales. (AC +2)
Armour fits poorly on your strangely shaped body.
Your spells are a little harder to cast, but a little more powerful.
You evolve.


Message History

The shadow slips into darkness.
The shadow flickers and vanishes!
Deactivating autopickup; reactivate with Ctrl-A.
You miss something.
The shadow strikes at you from the darkness!
* * * LOW HITPOINT WARNING * * *
A shower of butterflies erupts from you!
Reactivating autopickup.
You closely miss the shadow.
The shadow is heavily damaged.
The shadow closely misses you. You furiously retaliate!
You headbutt the shadow. You barely miss the shadow. You headbutt the shadow!
The shadow is almost destroyed.
The shadow slips into darkness.
The shadow flickers and vanishes!
Deactivating autopickup; reactivate with Ctrl-A.
You closely miss something.
The shadow strikes at you from the darkness!
You die...

#.# #....... ..o...#
####.### ........ ### #
#. H......# #.# .# #.
.<..#..# #.#######..##
..o.#..#####....b.......
#...#............b....##
#.............##b###.##
.........####.##@# .. #
#.###. #.##{# # # #.# #
#.##.# # #H# #.##.#
###.###..# #...b#
)))......# ##.#
###........ ...
.#######.## ... .....#
#.# #.# .


There were no monsters in sight!

Vanquished Creatures
  Grinder (D:6)
  2 ice beasts
  2 orc warriors (D:7)
  A sky beast (D:6)
  An ogre (D:5)
  A phantom (D:5)
  4 centaurs
  A big kobold (D:7)
  A bullfrog (D:6)
  2 scorpions (D:7)
  A killer bee (D:6)
  A crimson imp (D:5)
  4 hounds
  A bullfrog zombie (D:7)
  A jelly (D:7)
  4 orc priests
  An iron imp (D:6)
  An iguana (D:7)
  8 orc wizards
  5 worker ants
  A hound zombie (D:5)
  2 hound skeletons
  A worker ant zombie (D:5)
  8 gnolls
  A gnoll (shapeshifter) (D:3)
  10 adders
  A shadow imp (D:5)
  2 oozes
  An adder zombie (D:7)
  An adder skeleton (D:7)
  A worm (D:3)
  2 dart slugs
  4 leopard geckos
  23 orcs
  2 ball pythons
  4 giant cockroaches
  8 goblins
  8 hobgoblins
  4 jackals (D:5)
  A quokka (D:2)
  A ball python skeleton (D:5)
  6 bats
  4 frilled lizards
  A goblin skeleton (D:6)
  2 goblin zombies (D:6)
  2 hobgoblin zombies (D:6)
  6 kobolds
  A kobold skeleton (D:6)
  2 kobold zombies (D:6)
  2 leopard gecko skeletons
  2 orc skeletons (D:6)
  An orc zombie (D:6)
  11 rats
169 creatures vanquished.

Notes
Turn   | Place    | Note
-------+----------+-------------------------------------------
     0 | D:1      | JeffiDaFish the Minotaur Chaos Knight began the quest for the Orb.
     0 | D:1      | Reached XP level 1. HP: 19/19 MP: 0/0
   228 | D:1      | Reached XP level 2. HP: 26/27 MP: 1/1
   278 | D:1      | XOM: harmless Air miscast
   499 | D:1      | XOM: harmless Necr miscast
   764 | D:2      | XOM: harmless Tmut miscast
   876 | D:2      | Reached XP level 3. HP: 33/33 MP: 2/2
  1312 | D:2      | XOM: harmless Ice miscast
  1496 | D:3      | Reached XP level 4. HP: 33/41 MP: 3/3
  1509 | D:3      | XOM: silly message
  1901 | D:3      | Reached skill level 5 in Axes
  2008 | D:3      | Found a bloodstained altar of Trog.
  2032 | D:3      | Reached skill level 5 in Fighting
  2032 | D:3      | Reached XP level 5. HP: 34/48 MP: 4/4
  2400 | D:4      | XOM: noise
  2544 | D:4      | XOM: give mutations
  2544 | D:4      | Gained mutation: You are dopey. (Int -2) [Xom's mischief]
  2544 | D:4      | Gained mutation: You are partially covered in molten scales. (AC +2) [Xom's mischief]
  2544 | D:4      | Gained mutation: You are weak. (Str -2) [Xom's mischief]
  2544 | D:4      | Gained mutation: Armour fits poorly on your strangely shaped body. [Xom's mischief]
  2917 | D:4      | Found a staircase to the Ecumenical Temple.
  2927 | D:4      | Reached XP level 6. HP: 56/56 MP: 5/5
  3277 | D:5      | Entered Level 5 of the Dungeon
  3306 | D:5      | Noticed an ice beast
  3318 | D:5      | XOM: medium Air miscast
  3324 | D:5      | Killed an ice beast
  3334 | D:5      | Reached XP level 7. HP: 9/63 MP: 6/6
  3461 | D:5      | XOM: mild Summ miscast
  3655 | D:5      | XOM: harmless Conj miscast
  3695 | D:5      | Identified a scroll of acquirement
  3862 | D:5      | XOM: harmless Conj miscast
  3870 | D:5      | XOM: harmless Erth miscast
  3942 | D:5      | XOM: harmless Tmut miscast
  4159 | D:5      | XOM: torment (34/66 hp)
  4372 | D:5      | Lost mutation: You are dopey. (Int -2) [potion of mutation]
  4372 | D:5      | Lost mutation: You are weak. (Str -2) [potion of mutation]
  4372 | D:5      | Gained mutation: You evolve. [potion of mutation]
  4372 | D:5      | Gained mutation: Your spells are a little harder to cast, but a little more powerful. [potion of mutation]
  4537 | D:6      | Reached skill level 5 in Armour
  4537 | D:6      | Reached XP level 8. HP: 70/73 MP: 7/7
  4591 | D:6      | XOM: polymorph orc warrior -> killer bee
  4958 | D:6      | Found a glowing golden altar of the Shining One.
  4959 | D:6      | XOM: destruction
  4970 | D:6      | Noticed Grinder
  4977 | D:6      | XOM: scenery: 1 doors open
  4990 | D:6      | Killed Grinder
  5282 | D:6      | Found a snail-covered altar of Cheibriados.
  5480 | D:7      | XOM: 2-stop teleportation journey
  5495 | D:7      | Reached skill level 5 in Dodging
  5629 | D:7      | Reached XP level 9. HP: 73/82 MP: 8/8
  5645 | D:7      | XOM: cleaving
  5820 | D:7      | XOM: scenery: create altars
  5918 | D:7      | XOM: fog
  5932 | D:7      | HP: 1/124 [something (9)]
  6005 | D:7      | XOM: mild Pois miscast
  6148 | D:7      | XOM: medium Necr miscast
  6157 | D:7      | XOM: butterfly on damage
  6160 | D:7      | Slain by a shadow

Skill      XL: |  1  2  3  4  5  6  7  8  9 |
---------------+----------------------------+-----
Axes           | 4 5 6 7 9 |  9.5
Fighting       | 4 5 6 7 8 9 |  9.5
Armour         | 3 4 5 6 |  6.5
Dodging        | 2 3 5 |  5.4

Action                   |  1- 3 |  4- 6 |  7- 9 || total
-------------------------+-------+-------+-------++-------
Melee: Hand axe          |    82 |    60 |       ||   142
       Headbutt          |     8 |    31 |    42 ||    81
       War axe           |       |    65 |   285 ||   350
  Use: Scroll            |     6 |     3 |     8 ||    17
       Potion            |     3 |     5 |     7 ||    15
 Stab: Sleeping          |       |       |     2 ||     2
  Eat: Chunk             |     2 |     6 |     9 ||    17
Armor: Leather armour    |    21 |    21 |    85 ||   127
       Chain mail        |       |    32 |       ||    32
       Skin              |       |       |     8 ||     8
Dodge: Dodged            |    45 |   102 |   220 ||   367
